 Dungeon Crawl Stone Soup version 0.25-a0-886-gd7461d2276 (webtiles) character file.

Game seed: 6326826763638108809, levelgen mode: deterministic

1220 Nixze the Firebug (level 8, -2/63 HPs)
             Began as a Pale Draconian Fire Elementalist on May 1, 2020.
             Was an Initiate of Dithmenos.
             Slain by an orc warrior
             ... wielding a +0 mace
              (22 damage)
             ... on level 5 of the Dungeon on May 2, 2020.
             The game lasted 00:21:24 (6514 turns).

Nixze the Firebug (DrFE)                            Turns: 6514, Time: 00:21:25

Health: -2/63      AC: 10    Str: 10    XL:     8   Next: 23%
Magic:  14/22      EV: 13    Int: 18    God:    Dithmenos [......]
Gold:   230        SH:  0    Dex: 12    Spells: 6/14 levels left

rFire    . . .     SeeInvis .   j - +0 whip (elec)
rCold    . . .     Gourm    .   (no shield)
rNeg     . . .     Faith    .   (armour unavailable)
rPois    .         Spirit   .   (helmet restricted)
rElec    .         Reflect  .   (no cloak)
rCorr    .         Harm     +   o - +2 pair of gloves (curse)
MR       .....                  i - +0 pair of boots (curse)
Stlth    ++........             w - amulet of harm
HPRegen  0.20/turn              f - ring of magical power
MPRegen  0.18/turn              (no ring)

@: no status effects
A: breathe steam, unfitting armour, cold-blooded, AC +6
a: Breathe Steam, Renounce Religion


You were on level 5 of the Dungeon.
You worshipped Dithmenos.
Dithmenos was noncommittal.
You were near starving.

You visited 1 branch of the dungeon, and saw 6 of its levels.

You collected 230 gold pieces.

Inventory:

Hand Weapons
 e - a +0 dagger of venom
 j - a +0 whip of electrocution (weapon)
 A - a +1 dagger of venom
Missiles
 h - 28 poisoned darts (quivered)
 x - a throwing net
Armour
 i - a cursed +0 pair of boots (worn)
 o - a cursed +2 pair of gloves (worn)
Jewellery
 f - a ring of magical power (left hand)
 w - an amulet of harm (around neck)
Wands
 p - a wand of acid (5)
 r - a wand of flame (12)
 v - a wand of clouds (1)
 y - a wand of random effects (25)
Scrolls
 c - 8 scrolls of identify
 g - 3 scrolls of teleportation
 k - a scroll of amnesia
 m - 2 scrolls of remove curse
 u - 2 scrolls of random uselessness {unknown}
Potions
 a - 2 potions of degeneration {unknown}
 d - 4 potions of heal wounds
 l - a potion of cancellation {unknown}
 n - a potion of flight {unknown}
 q - 2 potions of might
 s - a potion of invisibility {unknown}
 t - 2 potions of haste {unknown}
 z - a potion of berserk rage {unknown}
 B - a potion of mutation {unknown}
 D - a potion of curing {unknown}
Comestibles
 b - 11 rations


   Skills:
 + Level 3.4 Fighting
 + Level 3.4 Dodging
 - Level 1.7 Stealth
 + Level 3.5 Spellcasting
 + Level 3.3 Conjurations
 * Level 7.7 Fire Magic
 + Level 3.4 Evocations


You had 6 spell levels left.
You knew the following spells:

 Your Spells              Type           Power        Failure   Level  Hunger
a - Foxfire               Conj/Fire      ###.         1%          1    None
b - Conjure Flame         Conj/Fire      ###.....     4%          3    ###....
c - Sticky Flame          Conj/Fire      ###.....     16%         4    ####...

Your spell library contained the following spells:

 Spells                   Type           Power        Failure   Level  Hunger
 Inner Flame              Hex/Fire       ###.....     10%         3    ###....
 Fireball                 Conj/Fire      ###.......   41%         5    ######.


Dungeon Overview and Level Annotations

Branches:
Dungeon (6/15)
 Temple: D:4-7

Altars:
Dithmenos
Nemelex Xobeh
Xom
Zin


Innate Abilities, Weirdness & Mutations

You can breathe blasts of scalding, opaque steam.
Your pale cyan-grey scales are hard. (AC +6)
You cannot fit into any form of body armour.
You are cold-blooded and may be slowed by cold attacks.


Message History

You conjure some foxfire!
The orc warrior hits you but does no damage.
You closely miss the orc warrior.
The orc warrior is heavily wounded.
The foxfire hits the orc warrior.
The orc warrior is heavily wounded.
The foxfire hits the orc warrior.
The orc warrior is severely wounded.
The orc warrior barely misses you.
Casting: Foxfire (safe; 1% risk of failure)
Confirm with . or Enter, or press ? or * to list all spells.
You conjure some foxfire!
The orc warrior closely misses you.
You hit the orc warrior.
The orc warrior is almost dead.
The foxfire hits the orc warrior.
The orc warrior is almost dead.
The foxfire hits the orc warrior but does no damage.
The orc warrior is almost dead.
The orc warrior hits you with a +0 mace!!
You die...

## #### ##..#
##.####.)## .####..#
##.### ##.## ##..#
..#....# ##.## ##.##
##.. .......# ##.##
#..# ######. ...)#..#
#..# ##.#####....#.
.......# #..# ##.##
#..##.... .......#
#..####..# #..####..
.....###
###.o#...####..#####.
....##
#.@......###...####
....##
##..#.....#####...#
..#..## #....###.#
###.# ..###.##
#....[...# #.# ..#
##.## #..###...# ###
#.# ##.###########
###.## ###
##........##
##..###### ###
##.####...#
##........# ##.# ###
###.####........##


You could see an orc warrior.

Vanquished Creatures
  Grinder (D:3)
  Sigmund (D:5)
  Duvessa (D:5)
  An ogre (D:4)
  Dowan (D:5)
  A water moccasin zombie (D:5)
  4 vampire bats (D:3)
  2 crimson imps (D:5)
  2 orc priests
  An orc wizard (D:4)
  3 worker ants (D:5)
  A hound skeleton (D:3)
  4 gnolls (D:5)
  7 adders
  A worm (D:2)
  A dart slug (D:3)
  3 leopard geckos
  6 orcs
  9 bats
  4 giant cockroaches
  9 goblins
  5 hobgoblins
  17 jackals
  7 kobolds
  A quokka (D:4)
  A ball python (D:2)
  8 frilled lizards
  4 rats
106 creatures vanquished.

Vanquished Creatures (others)
  199 foxfires
199 creatures vanquished.

Grand Total: 305 creatures vanquished

Notes
Turn   | Place    | Note
-------+----------+-------------------------------------------
     0 | D:1      | Nixze the Draconian Fire Elementalist began the quest for
                  | the Orb.
     0 | D:1      | Reached XP level 1. HP: 14/14 MP: 3/3
   242 | D:1      | Reached XP level 2. HP: 20/20 MP: 1/5
   335 | D:1      | Reached skill level 4 in Fire Magic
  1098 | D:1      | Reached XP level 3. HP: 25/26 MP: 6/6
  1352 | D:2      | Learned a level 3 spell: Conjure Flame
  2016 | D:2      | Reached skill level 5 in Fire Magic
  2016 | D:2      | Reached XP level 4. HP: 7/33 MP: 5/7
  2956 | D:3      | Reached skill level 1 in Fighting
  2956 | D:3      | Reached XP level 5. HP: 35/40 MP: 8/8
  2994 | D:3      | Upgraded the game from 0.25-a0-869-g05d4e06a41 to
                  | 0.25-a0-886-gd7461d2276
  3023 | D:3      | Learned a level 4 spell: Sticky Flame
  3111 | D:3      | Found a sparkling altar of Nemelex Xobeh.
  3170 | D:3      | Reached skill level 1 in Evocations
  3180 | D:3      | Noticed Grinder
  3189 | D:3      | Killed Grinder
  3189 | D:3      | Reached XP level 6. HP: 48/48 MP: 9/9
  3425 | D:3      | Found a glowing silver altar of Zin.
  3426 | D:3      | Noticed an angel
  3428 | D:3      | Found a shimmering altar of Xom.
  4079 | D:3      | Reached skill level 6 in Fire Magic
  4298 | D:4      | Your scales start taking on a pale cyan-grey colour.
  4298 | D:4      | Reached XP level 7. HP: 50/55 MP: 11/11
  4453 | D:4      | Found a shadowy altar of Dithmenos.
  5080 | D:4      | Became a worshipper of Dithmenos the Shadowed
  5127 | D:5      | Entered Level 5 of the Dungeon
  5265 | D:5      | Noticed Sigmund
  5279 | D:5      | Killed Sigmund
  5279 | D:5      | Reached skill level 7 in Fire Magic
  5863 | D:5      | Noticed Duvessa
  5863 | D:5      | Noticed Dowan
  5876 | D:5      | Killed Duvessa
  5876 | D:5      | Reached XP level 8. HP: 54/63 MP: 13/13
  5879 | D:5      | Killed Dowan
  6514 | D:5      | Slain by an orc warrior

Levels and vault maps discovered:
D:1:      dpeg_arrival_rooms_a, layout_basic
D:2:      layout_basic
D:3:      layout_basic, grunt_temple_overflow_order_and_chaos_1,
          nemelex_altar_shiori, first_ration, roderic_batcave,
          minmay_statues_item, grunt_ministairs_5,
          hangedman_decor_diamond_cutter, minmay_pentomino_pile, uniq_grinder
D:4:      layout_basic, old_standard_altar
D:5:      layout_layer_cave, uniq_sigmund, uniq_duvessa
D:6:      layout_basic, marbit_many_paths, overflow_temple_1_default,
          old_standard_altar, lemuel_temple_firewalk_b,
          gammafunk_ghost_abyssal_escape

Skill      XL: |  1  2  3  4  5  6  7 |
---------------+----------------------+-----
Fire Magic     | 4 5 6 7 |  7.7
Fighting       | 1 2 3 |  3.4
Dodging        | 2 3 |  3.4
Evocations     | 1 2 3 |  3.4
Conjurations   | 2 3 |  3.3
Spellcasting   | 3 |  3.5
Stealth        | |  1.7

Action                   |  1- 3 |  4- 6 |  7- 9 || total
-------------------------+-------+-------+-------++-------
Melee: Dagger            |   116 |    82 |    15 ||   213
       Unarmed           |     1 |       |       ||     1
       Tailslap          |     6 |     7 |     7 ||    20
       Whip              |       |       |    28 ||    28
 Cast: Foxfire           |    21 |    36 |    73 ||   130
Evoke: Wand              |       |     1 |     1 ||     2
  Use: Potion            |       |     1 |       ||     1
       Scroll            |       |     6 |     2 ||     8
 Stab: Sleeping          |     1 |     3 |       ||     4
  Eat: Ration            |     1 |       |       ||     1
       Chunk             |       |     8 |     5 ||    13
Armor: Skin              |    44 |    31 |    20 ||    95
Dodge: Dodged            |    73 |    55 |    43 ||   171

Table legend:
 A = Non-vault XP
 B = Vault XP
 C = Vault XP percentage of total XP
 D = Non-vault monster count
 E = Vault monster count
 F = Vault count percentage of total count
                 A         B        C        D         E       F
            +---------+---------+-------+---------+---------+-------
      Total |     803 |     940 |  53.9 |      90 |      16 |  15.1
            +---------+---------+-------+---------+---------+-------
        D:1 |      43 |       0 |   0.0 |      25 |       0 |   0.0
        D:2 |      67 |       0 |   0.0 |      20 |       0 |   0.0
        D:3 |     113 |     500 |  81.6 |      20 |      13 |  39.4
        D:4 |     228 |       0 |   0.0 |      11 |       0 |   0.0
        D:5 |     349 |     440 |  55.8 |      13 |       3 |  18.8
        D:6 |       3 |       0 |   0.0 |       1 |       0 |   0.0
            +---------+---------+-------+---------+---------+-------
